 Dungeon Crawl Stone Soup version 0.21-a0-405-gf2af9a1 (webtiles) character file.

5017 Mamutox the Covert (level 10, 0/49 HPs)
             Began as a Spriggan Assassin on Nov 1, 2017.
             Was a Believer of Dithmenos.
             Succumbed to a killer bee's poison
             ... on level 10 of the Dungeon.
             The game lasted 01:32:09 (16705 turns).

Mamutox the Covert (Spriggan Assassin)             Turns: 16705, Time: 01:32:10

Health: 0/49       AC:  4    Str:  7    XL:     10   Next: 30%
Magic:  13/13      EV: 27    Int: 12    God:    Dithmenos [**....]
Gold:   475        SH:  0    Dex: 22    Spells: 8/11 levels left

rFire    . . .     SeeInvis +   J - +1 rapier
rCold    . . .     Gourm    .   (shield restricted)
rNeg     + . .     Faith    .   c - +0 robe
rPois    .         Spirit   .   (helmet restricted)
rElec    .         Reflect  .   d - +1 cloak
rCorr    .         Harm     .   (gloves unavailable)
MR       +....                  (boots unavailable)
Stlth    +++++++++.             (no amulet)
HPRegen  0.16/turn              y - ring of stealth
MPRegen  0.13/turn              G - ring of positive energy

@: lethally poisoned (0 -> -5), wreathed by umbra, very quick
A: unfitting armour, see invisible, herbivore 3, speed 3, slow metabolism 2
a: Shadow Step, Renounce Religion


You were on level 10 of the Dungeon.
You worshipped Dithmenos.
Dithmenos was pleased with you.
You were not hungry.

You visited 2 branches of the dungeon, and saw 11 of its levels.

You collected 475 gold pieces.

Inventory:

Hand Weapons
 a - a +2 dagger
 b - a +1 blowgun
 k - a +1 short sword of electrocution
 s - a +0 falchion
 F - a +0 hunting sling
 J - a +1 rapier (weapon)
 K - a +0 shortbow
Missiles
 e - 36 poisoned needles
 f - a curare-tipped needle
 i - 289 stones (quivered)
 o - 4 tomahawks
 p - 81 arrows
 r - 17 sling bullets
Armour
 c - a +0 robe (worn)
 d - a +1 cloak (worn)
 N - a +0 animal skin
Jewellery
 y - a ring of stealth (left hand)
 G - a ring of positive energy (right hand)
Wands
 v - a wand of confusion (16/48)
 M - a wand of digging (13/24)
 P - a wand of polymorph (4/24)
Scrolls
 j - a scroll of amnesia
 l - 5 scrolls of teleportation
 n - 6 scrolls of remove curse
 A - 5 scrolls of identify
 B - a scroll of enchant armour
 H - a scroll of fog
 L - 2 scrolls of blinking {unknown}
Potions
 h - a potion of invisibility {unknown}
 m - 4 potions of might
 q - 3 potions of lignification {unknown}
 t - 2 potions of berserk rage
 w - 4 potions of brilliance
 x - 2 potions of mutation {unknown}
 C - a potion of cancellation {unknown}
 E - a potion of agility {unknown}
 Q - a potion of heal wounds
 S - a potion of magic {unknown}
Books
 O - a book of Battle

   Spells                             Type                      Level
   a - Infusion                       Charms                       1
   b - Shroud of Golubria             Charms/Translocation         2
   c - Song of Slaying                Charms                       2
   d - Spectral Weapon                Hexes/Charms                 3
   e - Regeneration                   Charms/Necromancy            3
 R - a book of Minor Magic

   Spells                             Type                      Level
   a - Magic Dart                     Conjuration                  1
   b - Blink                          Translocation                2
   c - Call Imp                       Summoning                    2
   d - Slow                           Hexes                        2
   e - Conjure Flame                  Conjuration/Fire             3
   f - Mephitic Cloud                 Conjuration/Poison/Air       3
Comestibles
 g - 5 bread rations
 u - 3 fruits
 z - 7 royal jellies


   Skills:
 + Level 4.0 Fighting
 * Level 9.3 Short Blades
 + Level 0.8(4.2) Slings
 + Level 5.6 Throwing
 * Level 9.0 Dodging
 + Level 13.3 Stealth
 * Level 1.3 Spellcasting
 * Level 3.9 Charms


You had 8 spell levels left.
You knew the following spells:

 Your Spells              Type           Power        Failure   Level  Hunger
a - Infusion              Chrm           ##..         5%          1    ##.....
b - Blink                 Tloc           N/A          41%         2    ###....


Dungeon Overview and Level Annotations

Branches:
Dungeon (10/15)            Temple (1/1) D:4
   Lair: D:8-11         Orc: D:9-12

Altars:
Ashenzari
Cheibriados
Dithmenos
Elyvilon
Fedhas
Gozag
Hepliaklqana
Kikubaaqudgha
Makhleb
Nemelex Xobeh
Okawaru
Qazlal
Ru
Sif Muna
Trog
Uskayaw
Vehumet
Wu Jian
Xom
Yredelemnul
Zin
The Shining One

Shops:
D:4 *

Portals:
Bailey: D:9

Annotations:
D:4 graki42's ghost, amateur DEFE
D:10 Pikel


Innate Abilities, Weirdness & Mutations

You are very small and have problems with some larger weapons.
You are too small for most types of armour.
You have supernaturally acute eyesight. (SInv)
You are a herbivore.
You cover ground extremely quickly.
You need consume almost no food.


Message History

There is a stone staircase leading up here.
The killer bee completely misses you. The killer bee stings you!
As you read the scroll of fog, it crumbles to dust.
The scroll dissolves into smoke.
The killer bee completely misses you.
The killer bee misses you. x3; The orc priest completely misses you.
The killer bee stings you.
* * * LOW HITPOINT WARNING * * *
You are poisoned.
The killer bee poisons you! The killer bee stings you.
* * * LOW HITPOINT WARNING * * *
You feel sick. The killer bee barely misses you. The killer bee misses you.
The killer bee stings you.
* * * LOW HITPOINT WARNING * * *
The killer bee stings you.
* * * LOW HITPOINT WARNING * * *
* * * LOW HITPOINT WARNING * * *
You feel sick.
The howler monkey howls!
The worker ant twitches its antennae in your direction.
You die...

##############
#.§§§o.y.@.<.#
#..§§§.ya....#
#.§h§h.......#
#..h.§..h....#
#............#
+.J..........#
#..?.........#
#.(.K........#
##########+#


You could see Pikel (wandering), a howler monkey, a jelly (wandering), a worker
ant, 2 killer bees, an orc priest and 2 jackals.

Vanquished Creatures
  A two-headed ogre (D:8)
  Prince Ribbit (D:6)
  3 hogs
  A yak (D:7)
  A human (D:7)
  A hungry ghost (D:8)
  Eustachio (D:6)
  Menkaure (D:6)
  2 orc warriors
  An ice beast (D:5)
  A sky beast (D:8)
  2 black bears
  2 slaves (D:7)
  A phantom (D:6)
  2 centaurs
  5 ogres
  5 bullfrogs
  A scorpion (D:5)
  A killer bee (D:9)
  3 wights (D:8)
  A howler monkey (D:4)
  A crimson imp (D:4)
  2 jellies
  3 bullfrog zombies
  4 orc priests
  2 bullfrog skeletons
  A gnoll shaman (D:6)
  4 hounds
  A centaur skeleton (D:7)
  4 iguanas
  Ijyb (Temple)
  7 orc wizards
  6 worker ants
  A hound skeleton (D:9)
  3 gnolls (D:4)
  7 adders
  2 shadow imps (D:8)
  2 oozes
  3 dart slugs
  7 leopard geckos
  33 orcs
  A bat zombie (D:7)
  7 giant cockroaches
  7 goblins
  7 hobgoblins
  11 jackals
  5 quokkas
  5 ball pythons
  11 bats
  7 frilled lizards
  A jackal zombie (D:6)
  10 kobolds
  5 rats
  3 rat zombies (D:7)
211 creatures vanquished.

Notes
Turn   | Place    | Note
-------+----------+-------------------------------------------
     0 | D:1      | Mamutox the Spriggan Assassin began the quest for the Orb.
     0 | D:1      | Reached XP level 1. HP: 10/10 MP: 2/2
    58 | D:1      | Reached skill level 6 in Stealth
   425 | D:1      | Reached XP level 2. HP: 14/14 MP: 3/3
  1005 | D:2      | Reached skill level 7 in Stealth
  1005 | D:2      | Reached XP level 3. HP: 18/18 MP: 4/4
  1135 | D:2      | Found a snail-covered altar of Cheibriados.
  1500 | D:2      | Reached XP level 4. HP: 23/23 MP: 5/5
  1564 | D:2      | Found a shimmering altar of Xom.
  1665 | D:2      | Reached skill level 8 in Stealth
  1989 | D:3      | Found a sacrificial altar of Ru.
  2363 | D:3      | Found a white marble altar of Elyvilon.
  2416 | D:3      | Reached XP level 5. HP: 9/26 MP: 6/6
  2657 | D:3      | Found an iron altar of Okawaru.
  2658 | D:3      | Found a stormy altar of Qazlal.
  2704 | D:3      | Found a glowing drain.
  2953 | D:4      | Noticed an ogre
  2979 | D:4      | Noticed graki42's ghost (amateur DEFE)
  2987 | D:4      | Reached skill level 9 in Stealth
  2998 | D:4      | Killed an ogre
  2998 | D:4      | Reached XP level 6. HP: 30/30 MP: 7/7
  3335 | D:4      | Found a shattered altar of Ashenzari.
  4050 | D:4      | HP: 1/30 [orc priest/divine providence (15)]
  5038 | D:4      | Found a staircase to the Ecumenical Temple.
  5039 | D:4      | Noticed Ijyb
  5049 | Temple   | Entered the Ecumenical Temple
  5051 | Temple   | Paralysed by Ijyb for 7 turns
  5064 | Temple   | Paralysed by Ijyb for 4 turns
  5081 | Temple   | Paralysed by Ijyb for 4 turns
  5103 | Temple   | Paralysed by Ijyb for 2 turns
  5123 | Temple   | Paralysed by Ijyb for 5 turns
  5161 | Temple   | Killed Ijyb
  5424 | Temple   | Upgraded the game from 0.21-a0-404-g291f19a to 0.21-a0-405-gf2af9a1
  5463 | Temple   | Became a worshipper of Dithmenos the Shadowed
  5759 | D:4      | Found Qyrynox's Assorted Antiques.
  5819 | D:5      | Entered Level 5 of the Dungeon
  6345 | D:4      | Found a glowing golden altar of the Shining One.
  6372 | D:4      | HP: 1/30 [poisoned by graki42's ghost]
  6399 | D:4      | HP: 1/30 [poisoned by graki42's ghost]
  7013 | D:4      | Reached XP level 7. HP: 35/35 MP: 8/8
  7414 | D:4      | Reached skill level 10 in Stealth
  8098 | D:5      | Found a stormy altar of Qazlal.
  8104 | D:5      | Found a blossoming altar of Fedhas.
  8604 | D:5      | Reached skill level 5 in Dodging
  8952 | D:5      | Reached skill level 5 in Short Blades
  9220 | D:5      | Reached XP level 8. HP: 30/39 MP: 9/9
 10122 | D:6      | Noticed Menkaure
 10129 | D:6      | Killed Menkaure
 10129 | D:6      | Reached skill level 11 in Stealth
 10296 | D:6      | Noticed Eustachio
 10303 | D:6      | Killed Eustachio
 10381 | D:6      | Noticed Prince Ribbit
 10637 | D:6      | Reached * piety under Dithmenos
 10872 | D:6      | Reached skill level 12 in Stealth
 11436 | D:6      | Reached XP level 9. HP: 25/44 MP: 10/10
 11884 | D:6      | Killed Prince Ribbit
 11884 | D:6      | Reached skill level 5 in Throwing
 12837 | D:7      | Noticed Pikel
 12941 | D:7      | Learned a level 1 spell: Infusion
 12969 | D:7      | Found a hide-covered altar of Uskayaw.
 13100 | D:7      | Found an ancient bone altar of Kikubaaqudgha.
 13469 | D:7      | Reached skill level 1 in Charms
 13680 | D:7      | Learned a level 2 spell: Blink
 13894 | D:7      | Reached skill level 13 in Stealth
 14697 | D:8      | Found an ornate altar of the Wu Jian Council.
 15580 | D:8      | Noticed a two-headed ogre
 15598 | D:8      | Killed a two-headed ogre
 15598 | D:8      | Reached XP level 10. HP: 49/49 MP: 8/11
 16003 | D:9      | Found a flagged portal.
 16042 | D:9      | Reached ** piety under Dithmenos
 16042 | D:9      | Reached skill level 1 in Spellcasting
 16108 | D:9      | Found a sparkling altar of Nemelex Xobeh.
 16697 | D:10     | Entered Level 10 of the Dungeon
 16702 | D:10     | HP: 2/49 [killer bee (3)]
 16705 | D:10     | Succumbed to a killer bee's poison

Vault maps used:
D:1:      kennysheep_arrival_seaside
D:2:      marbit_many_paths, kennysheep_slug_shrine, grunt_ministairs_4
D:3:      nicolae_ru_great_annihilating_truth, nicolae_overflow_hidden_temple,
          portal_sewer_entry_b, nrook_loot_triangle, serial_park_tiny_1
D:4:      kennysheep_mini_moat, lemuel_crystal_altar, temple_fountains,
          first_bread, serial_shops, shop, serial_park_tiny_pond, hex_large,
          kennysheep_small_spiral, uniq_ijyb
D:5:      fedhas_altar_1, basic_altar
D:6:      st_stairs_10, uniq_prince_ribbit1, uniq_menkaure, uniq_eustachio
D:7:      eat_drink_and_be_merry_uskayaw, lemuel_zombie_altar_kikubaaqudgha,
          grunt_livestock, minmay_holes, uniq_pikel
D:8:      overflow_temple_1_default
D:9:      nemelex_xobeh_ov_fountains_minmay, enter_bailey_1, grunt_ministairs_1
D:10:     lair_entry_dummy, uniq_josephine, uniq_erica
Temple:   compressed_dpeg_triangle_lava_temple

Skill      XL: |  1  2  3  4  5  6  7  8  9 10 |
---------------+-------------------------------+-----
Stealth        | 6 7 8 9 10 12 13 | 13.3
Dodging        | 2 3 4 5 6 8 9 |  9.0
Short Blades   | 3 4 5 6 9 |  9.3
Fighting       | 2 3 4 |  4.0
Throwing       | 4 5 |  5.6
Charms         | 3 |  3.9
Spellcasting   | 1 |  1.3
Slings         | |  0.8

Action                   |  1- 3 |  4- 6 |  7- 9 | 10-12 || total
-------------------------+-------+-------+-------+-------++-------
Melee: Dagger            |   106 |   338 |   138 |       ||   582
       Rapier            |       |       |   299 |   166 ||   465
 Fire: Blowgun           |     5 |    88 |   111 |       ||   204
       Hunting sling     |       |    21 |     1 |       ||    22
Throw: Stone             |       |       |     1 |       ||     1
 Cast: Infusion          |       |       |     1 |     1 ||     2
  Use: Scroll            |       |    10 |     5 |     3 ||    18
       Potion            |       |     5 |       |       ||     5
 Stab: Sleeping          |    18 |    23 |    27 |     2 ||    70
       Paralysed         |       |     1 |       |       ||     1
       Distracted        |       |       |     9 |     3 ||    12
  Eat: Fruit             |       |     1 |     2 |       ||     3
       Bread ration      |       |     1 |     1 |       ||     2
Armor: Robe              |    10 |    27 |    24 |     7 ||    68
Dodge: Dodged            |    58 |   241 |   334 |   206 ||   839

Table legend:
 A = Spawn XP
 B = Non-spawn XP
 C = Spawn XP percentage of total XP
 D = Spawn monster count
 E = Non-spawn monster count
 F = Spawn count percentage of total count
 G = Total turns spent on level
                    A         B        C        D         E        F      G
               +---------+---------+-------+---------+---------+-------+---------
         Total |       0 |    7168 |   0.0 |       0 |     209 |   0.0 | 16705
               +---------+---------+-------+---------+---------+-------+---------
           D:1 |       0 |      27 |   0.0 |       0 |      14 |   0.0 |   934
           D:2 |       0 |      86 |   0.0 |       0 |      31 |   0.0 |  1008
           D:3 |       0 |     152 |   0.0 |       0 |      34 |   0.0 |  2613
           D:4 |       0 |     517 |   0.0 |       0 |      25 |   0.0 |  2807
           D:5 |       0 |     926 |   0.0 |       0 |      25 |   0.0 |  2926
           D:6 |       0 |    1718 |   0.0 |       0 |      22 |   0.0 |  2123
           D:7 |       0 |    1039 |   0.0 |       0 |      15 |   0.0 |  1514
           D:8 |       0 |    2104 |   0.0 |       0 |      23 |   0.0 |  1615
           D:9 |       0 |     563 |   0.0 |       0 |      19 |   0.0 |   714
        Temple |       0 |      36 |   0.0 |       0 |       1 |   0.0 |   443
               +---------+---------+-------+---------+---------+-------+---------
